 Dungeon Crawl Stone Soup version 0.21-a0-221-gfe971b9 (webtiles) character file.

28 Moloch the Chopper (level 3, 28/29 HPs)
             Began as a Demonspawn Fighter on Aug 26, 2017.
             Quit the game on level 2 of the Dungeon.
             The game lasted 00:01:04 (964 turns).

Moloch the Chopper (Demonspawn Fighter)              Turns: 964, Time: 00:01:04

Health: 28/29      AC:  8    Str: 16    XL:     3   Next: 0%
Magic:  3/3        EV:  4    Int:  9    God:
Gold:   57         SH:  8    Dex: 13    Spells: 2/2 levels left

rFire    . . .     SeeInvis .   a - +0 war axe
rCold    . . .     Gourm    .   c - +0 shield
rNeg     . . .     Faith    .   e - +0 chain mail
rPois    .         Spirit   .   (helmet restricted)
rElec    .         Reflect  .   (no cloak)
rCorr    .         Harm     .   (no gloves)
MR       .....                  (no boots)
Stlth    ..........             (no amulet)
HPRegen  1.09/turn              (no ring)
MPRegen  0.08/turn              (no ring)

@: no status effects
A: antennae 1, powered by death 1
a: no special abilities


You were on level 2 of the Dungeon.
You were not hungry.

You visited 1 branch of the dungeon, and saw 2 of its levels.

You collected 57 gold pieces.

Inventory:

Hand Weapons
 a - a +0 war axe (weapon)
Armour
 c - a +0 shield (worn)
 e - a +0 chain mail (worn)
Scrolls
 g - a scroll of identify {unknown}
 h - a scroll of enchant weapon {unknown}
 j - a scroll of amnesia {unknown}
 l - a scroll of fog {unknown}
 m - a scroll of immolation {unknown}
Potions
 b - a potion of invisibility {unknown}
 d - a potion of might
 i - a potion of curing {unknown}
 k - a potion of mutation {unknown}
Comestibles
 f - a bread ration


   Skills:
 - Level 3.0 Fighting
 + Level 3.1 Axes
 - Level 2.6 Armour
 - Level 2.6 Shields


You had 2 spell levels left.
You didn't know any spells.

Dungeon Overview and Level Annotations

Branches:
Dungeon (2/15)

Altars:
Ashenzari
Gozag


Innate Abilities, Weirdness & Mutations

You have a pair of small antennae on your head.
You regenerate a little health from kills.


Message History

Found 17 stones.
Found an opulent altar of Gozag.
No target in view!
You open the door.
A giant cockroach comes into view.
A giant cockroach is nearby!
A giant cockroach is nearby!
There is an open door here.
You closely miss the giant cockroach. The giant cockroach bites you.
The giant cockroach bites you but does no damage.
You hit the giant cockroach.
You kill the giant cockroach!
You have reached level 3!
Your experience leads to an increase in your attributes!
Increase (S)trength, (I)ntelligence, or (D)exterity?
You feel agile.
You feel monstrous as your demonic heritage exerts itself.
Your demonic ancestry asserts itself...
A pair of antennae grows on your head!
Are you sure you want to abandon this character and quit the game? (Confirm with "yes".)

######
#######....#
#........(.#
#.###'###..# #@#
#..#######
###†###.........
+.._###.########
###.###.# #.#
#.########
###+###.......>#
........######.#
..#####.# #.#
#.# #.#


There were no monsters in sight!

Vanquished Creatures
  3 bats (D:1)
  3 giant cockroaches
  5 hobgoblins
  4 kobolds
  A frilled lizard (D:1)
  7 goblins
  3 rats (D:1)
26 creatures vanquished.

Notes
Turn   | Place    | Note
-------+----------+-------------------------------------------
     0 | D:1      | Moloch the Demonspawn Fighter began the quest for the Orb.
     0 | D:1      | Reached XP level 1. HP: 18/18 MP: 1/1
   273 | D:1      | Gained mutation: You regenerate a little health from kills. [demonic ancestry]
   273 | D:1      | Reached XP level 2. HP: 24/24 MP: 2/2
   894 | D:2      | Found a shattered altar of Ashenzari.
   951 | D:2      | Found an opulent altar of Gozag.
   963 | D:2      | Gained mutation: You have a pair of small antennae on your head. [demonic ancestry]
   963 | D:2      | Reached XP level 3. HP: 26/29 MP: 3/3
   964 | D:2      | Quit the game

Vault maps used:
D:1:      giann_horns
D:2:      nicolae_qazlal_style_of_elements, evilmike_ruin_ashenzari,
          lemuel_doored_altar

Skill      XL: |  1  2 |
---------------+-------+-----
Axes           | 2 3 |  3.1
Fighting       | |  3.0
Armour         | |  2.6
Shields        | |  2.6

Action                   || total
-------------------------++-------
Melee: War axe           ||    70
Armor: Chain mail        ||    31
Dodge: Dodged            ||     9
Block: Shield            ||    32

Table legend:
 A = Spawn XP
 B = Non-spawn XP
 C = Spawn XP percentage of total XP
 D = Spawn monster count
 E = Non-spawn monster count
 F = Spawn count percentage of total count
 G = Total turns spent on level
                    A         B        C        D         E        F      G
               +---------+---------+-------+---------+---------+-------+---------
         Total |       2 |      39 |   4.9 |       2 |      24 |   7.7 |   964
               +---------+---------+-------+---------+---------+-------+---------
           D:1 |       2 |      30 |   6.2 |       2 |      19 |   9.5 |   796
           D:2 |       0 |       9 |   0.0 |       0 |       5 |   0.0 |   168
               +---------+---------+-------+---------+---------+-------+---------
